 Dungeon Crawl Stone Soup version 0.19-a0-1553-g64c24c3 (webtiles) character file.

26073 Kidiri the Thaumaturge (level 12, -4/68 HPs)
             Began as a Deep Elf Fire Elementalist on Sept 13, 2016.
             Was a High Priest of Vehumet.
             Slain by a black mamba (10 damage)
             ... on level 5 of the Lair of Beasts on Sept 14, 2016.
             The game lasted 01:18:48 (24061 turns).

Kidiri the Thaumaturge (DEFE)                      Turns: 24061, Time: 01:18:49

Health: -4/68      AC: 13    Str:  4 (5)  XL:     12   Next: 95%
Magic:  11/31      EV: 16    Int: 24 (26) God:    Vehumet [*****.]
Gold:   874        SH:  5    Dex: 15      Spells: 11 memorised, 1 level left

rFire  + + .     SeeInvis +       - Unarmed
rCold  + . .     Gourm    .     x - +2 leather armour {rF+}
rNeg   . . .     Faith    .     (no shield)
rPois  +         Spirit   .     (no helmet)
rElec  .         Dismiss  .     o - +1 cloak
rCorr  .         Reflect  +     r - +0 pair of gloves
MR     +....     Harm     .     (no boots)
Stlth  ++........               s - +5 amulet of reflection
                                N - ring of wizardry
                                f - ring of see invisible

@: very slightly contaminated, hasted, very quick
A: icy blue scales 1, iridescent scales 1, blink, cold resistance 1,
deterioration 1, fire resistance 1, poison resistance
a: Blink, Renounce Religion


You were on level 5 of the Lair of Beasts.
You worshipped Vehumet.
Vehumet was extremely pleased with you.
You were not hungry.

You visited 3 branches of the dungeon, and saw 16 of its levels.
You also visited: Labyrinth.

You collected 874 gold pieces.

Inventory:

Hand Weapons
 G - a +1 short sword of venom
 M - a +1 dagger of flaming
Armour
 o - a +1 cloak (worn)
 r - a +0 pair of gloves (worn)
 x - a +2 leather armour of fire resistance (worn)
 P - a +0 shield
Jewellery
 f - a ring of see invisible (left hand)
 h - an uncursed amulet of magic regeneration
 p - an uncursed ring of resist corrosion
 s - a +5 amulet of reflection (around neck)
 t - an uncursed ring of protection from cold
 I - an uncursed amulet of regeneration
 L - an uncursed ring of flight
 N - a ring of wizardry (right hand)
Wands
 i - a wand of lightning (2/15)
 u - a wand of disintegration (16/24)
 E - a wand of polymorph (15/24)
 F - a wand of slowing (20/48)
Scrolls
 b - a scroll of fear
 g - 4 scrolls of recharging
 v - 2 scrolls of amnesia
 y - 6 scrolls of remove curse
 A - a scroll of teleportation
 H - 3 scrolls of fog
Potions
 a - 3 potions of flight
 d - 8 potions of curing {unknown}
 e - 3 potions of haste
 k - 3 potions of lignification
 l - a potion of might
 m - a potion of agility
 n - 2 potions of magic
 q - 3 potions of ambrosia
 w - a potion of invisibility
 z - a potion of cancellation
 C - a potion of degeneration {unknown}
Comestibles
 c - 11 bread rations
 j - 10 meat rations
 D - 29 fruits
 J - 8 chunks of flesh
 K - 10 slices of pizza


   Skills:
 + Level 4.8 Fighting
 + Level 4.9 Armour
 + Level 8.0 Dodging
 - Level 2.4 Stealth
 + Level 0.1 Shields
 + Level 5.0 Unarmed Combat
 * Level 13.2 Spellcasting
 + Level 7.9 Conjurations
 + Level 8.6 Fire Magic
 + Level 5.9 Ice Magic
 + Level 5.5 Air Magic
 + Level 6.1 Earth Magic
 + Level 4.5 Poison Magic
 + Level 4.8 Evocations


You had one spell level left.
You knew the following spells:

 Your Spells              Type           Power        Failure   Level  Hunger
a - Flame Tongue          Conj/Fire      #####        1%          1    None
b - Throw Flame           Conj/Fire      ######       1%          2    None
c - Conjure Flame         Conj/Fire      ######..     1%          3    None
d - Inner Flame           Hex/Fire       #####...     1%          3    None
e - Sticky Flame          Conj/Fire      ######..     1%          4    None
f - Fireball              Conj/Fire      ######....   1%          5    ###....
g - Sandblast             Erth           #####.       1%          1    None
h - Shock                 Conj/Air       ####         1%          1    None
i - Bolt of Cold          Conj/Ice       #####.....   10%         6    #####..
j - Olgreb's Toxic Radia  Pois           #####...     1%          4    None
k - Deflect Missiles      Chrm/Air       ####......   95%         6    #####..


Dungeon Overview and Level Annotations

Branches:
Dungeon (10/15)            Temple (1/1) D:7            Lair (5/6) D:10
  Swamp (0/4) Lair:4       Spider (0/4) Lair:2        Slime (0/5) Lair:5
    Orc (0/2) D:9

Altars:
Ashenzari
Cheibriados
Dithmenos
Elyvilon
Fedhas
Gozag
Hepliaklqana
Kikubaaqudgha
Makhleb
Nemelex Xobeh
Okawaru
Qazlal
Ru
Sif Muna
Trog
Uskayaw
Vehumet
Xom
Yredelemnul
Zin
The Shining One
Beogh

Shops:
D:6 *


Innate Abilities, Weirdness & Mutations

You are partially covered in icy blue scales. (AC +2)
You are partially covered in iridescent scales. (AC +2)
You can translocate small distances at will.
Your flesh is cold resistant. (rC+)
Your body sometimes deteriorates upon taking damage.
Your flesh is heat resistant. (rF+)
Your system is resistant to poisons. (rPois)


Message History

You feel your power returning.
Unknown command.
You hear an angry buzzing noise.
Casting: Sticky Flame
Confirm with . or Enter, or press ? or * to list all spells.
Aiming: Conjure Flame
Press: ? - help, Dir - move target cursor The fire roars!
The black mamba is engulfed in roaring flames.
Casting: Conjure Flame
Confirm with . or Enter, or press ? or * to list all spells.
Okay, then.
Unknown command.
Casting: Conjure Flame
Confirm with . or Enter, or press ? or * to list all spells.
Okay, then.
There is a staircase to the Slime Pits here.
You hear an angry buzzing noise.
The black mamba bites you!
You die...

..............##...
.....§........# #...
#....y.y......###..
#....h.y.......h#..
#.................
.............# ...
...........##.##.#####..
.........<..#..#.#...#..
...........##..#@.#.....
...#........#...S....#..
#####.......#...>.......
.# #.......#..#....#.#..
## #.......#...#..#.....
##..........#....##.. #
#.........##§#### .
#####......#.#..l#####..
...##..........†........


You could see a black mamba, a wolf (wandering) and an iguana.

Vanquished Creatures
  A minotaur (Lab)
  2 hydras
  A centaur warrior (D:10)
  An unseen horror (D:10)
  2 hill giants (D:10)
  An orc knight (D:10)
  A griffon (Lair:5)
  4 elephants (Lair:4)
  3 black mambas
  Maurice (D:9)
  4 spiny frogs
  2 rime drakes
  4 komodo dragons
  A jumping spider (Lair:2)
  A two-headed ogre (D:10)
  2 shadows (Lab)
  4 wyverns
  A yak (D:10)
  3 basilisks
  4 hogs (D:8)
  A human (D:8)
  7 hippogriffs
  A hungry ghost (D:10)
  11 water moccasins
  10 porcupines
  2 black bears
  5 phantoms
  3 sky beasts
  10 orc warriors
  A wasp (D:8)
  6 ogres
  7 wolves
  3 centaurs
  9 crocodiles
  4 big kobolds
  15 giant frogs
  A wyvern zombie (D:9)
  A water moccasin skeleton (D:6)
  5 scorpions
  13 killer bees
  2 howler monkeys (D:8)
  8 electric eels
  4 crimson imps
  2 centaur zombies
  A quasit (D:10)
  16 jellies
  4 giant frog skeletons
  2 gnoll shamans
  8 orc priests
  9 hounds
  5 centaur skeletons
  11 iguanas
  10 orc wizards
  13 worker ants
  A hound zombie (D:8)
  3 hound skeletons
  A worker ant zombie (D:10)
  16 gnolls
  A howler monkey skeleton (D:7)
  17 adders
  29 river rats
  3 shadow imps
  3 oozes
  2 adder zombies
  5 worms
  A dart slug (D:4)
  4 giant geckos
  49 orcs
  6 bats
  5 giant cockroaches
  2 goblins
  8 hobgoblins
  10 jackals
  17 kobolds
  6 quokkas
  A ball python (D:3)
  4 frilled lizards
  A giant cockroach zombie (D:5)
  A giant gecko skeleton (D:6)
  A jackal skeleton (D:4)
  A jackal zombie (D:5)
  A quokka skeleton (D:4)
  2 quokka zombies (D:5)
  4 rats
458 creatures vanquished.

Vanquished Creatures (others)
  A jelly (D:6)
  An orc (D:6)
  2 fungi
  8 plants (Lair:5)
12 creatures vanquished.

Grand Total: 470 creatures vanquished

Notes
Turn   | Place    | Note
-------+----------+-------------------------------------------
     0 | D:1      | Kidiri the Deep Elf Fire Elementalist began the quest for the Orb.
     0 | D:1      | Reached XP level 1. HP: 10/10 MP: 6/6
   379 | D:1      | Reached XP level 2. HP: 9/15 MP: 3/8
   386 | D:1      | Learned a level 2 spell: Throw Flame
   921 | D:1      | Reached skill level 4 in Spellcasting
  1000 | D:2      | Reached XP level 3. HP: 13/19 MP: 4/10
  1098 | D:1      | Learned a level 3 spell: Conjure Flame
  1102 | D:1      | Learned a level 3 spell: Inner Flame
  1417 | D:2      | Reached XP level 4. HP: 24/24 MP: 12/12
  2205 | D:3      | Reached skill level 5 in Spellcasting
  2352 | D:3      | Learned a level 4 spell: Sticky Flame
  2588 | D:3      | Reached XP level 5. HP: 21/28 MP: 4/14
  2798 | D:3      | Found a radiant altar of Vehumet.
  2802 | D:3      | Became a worshipper of Vehumet
  3327 | D:3      | Found a glowing golden altar of the Shining One.
  3338 | D:3      | Reached skill level 6 in Spellcasting
  3579 | D:4      | Noticed a phantom
  3598 | D:4      | Killed a phantom
  3598 | D:4      | Reached XP level 6. HP: 27/32 MP: 4/17
  3800 | D:4      | Reached skill level 5 in Fire Magic
  4611 | D:4      | Learned a level 5 spell: Fireball
  4674 | D:4      | Reached skill level 1 in Fighting
  4674 | D:4      | Reached skill level 1 in Unarmed Combat
  4674 | D:4      | Reached skill level 7 in Spellcasting
  4674 | D:4      | Reached XP level 7. HP: 36/38 MP: 6/19
  5121 | D:4      | Got a steaming robe
  5132 | D:4      | Identified the +1 robe of Impressiveness {rF+ Str+2 Dex-3} (You took it off a gnoll on level 4 of the Dungeon)
  5451 | D:4      | Reached skill level 1 in Armour
  5465 | D:4      | Reached * piety under Vehumet
  5465 | D:4      | Offered knowledge of Sandblast by Vehumet.
  5479 | D:4      | Learned a level 1 spell: Sandblast
  5773 | D:5      | Entered Level 5 of the Dungeon
  5946 | D:5      | Reached skill level 1 in Earth Magic
  5946 | D:5      | Reached XP level 8. HP: 43/43 MP: 16/21
  6145 | D:5      | Reached skill level 8 in Spellcasting
  7004 | D:6      | Found a shattered altar of Ashenzari.
  7353 | D:6      | Reached ** piety under Vehumet
  7353 | D:6      | Offered knowledge of Shock by Vehumet.
  7356 | D:6      | Learned a level 1 spell: Shock
  7669 | D:6      | Found Wamerr's Assorted Antiques.
  7699 | D:6      | Reached skill level 9 in Spellcasting
  7735 | D:6      | Reached skill level 5 in Conjurations
  7780 | D:6      | Reached skill level 1 in Air Magic
  7780 | D:6      | Reached XP level 9. HP: 48/48 MP: 7/24
  8020 | D:6      | Gained mutation: Your body sometimes deteriorates upon taking damage. [mutagenic meat]
  8023 | D:6      | Gained mutation: You have large cloven feet. [mutagenic meat]
  8026 | D:6      | Gained mutation: Your flesh is cold resistant. (rC+) [mutagenic meat]
  8029 | D:6      | Gained mutation: You are dopey. (Int -2) [mutagenic meat]
  8032 | D:6      | Gained mutation: You occasionally shout uncontrollably at your foes. [mutagenic meat]
  8035 | D:6      | Gained mutation: Your flesh is very cold resistant. (rC++) [mutagenic meat]
  8197 | D:7      | Found a sacrificial altar of Ru.
  8198 | D:7      | Found a deep blue altar of Sif Muna.
  8198 | D:7      | Found an iron altar of Okawaru.
  8407 | D:7      | Found a staircase to the Ecumenical Temple.
  8416 | Temple   | Entered the Ecumenical Temple
  8867 | D:7      | Offered knowledge of Static Discharge by Vehumet.
  8877 | D:7      | Learned a level 6 spell: Bolt of Cold
  9019 | D:7      | Reached skill level 5 in Dodging
  9294 | D:8      | Reached *** piety under Vehumet
  9356 | D:8      | Reached skill level 1 in Ice Magic
  9626 | D:8      | Reached skill level 1 in Evocations
  9703 | D:8      | Offered knowledge of Fulminant Prism by Vehumet.
  9704 | D:8      | Reached skill level 10 in Spellcasting
 10067 | D:8      | Reached **** piety under Vehumet
 10119 | D:8      | Offered knowledge of Olgreb's Toxic Radiance by Vehumet.
 10148 | D:8      | Reached XP level 10. HP: 36/56 MP: 20/26
 10160 | D:8      | Found a roughly hewn altar of Beogh.
 10388 | D:8      | Found a hide-covered altar of Uskayaw.
 11036 | D:9      | Found a stormy altar of Qazlal.
 11109 | D:9      | Found a sparkling altar of Nemelex Xobeh.
 11236 | D:9      | Found a staircase to the Orcish Mines.
 11533 | D:9      | Learned a level 4 spell: Olgreb's Toxic Radiance
 11872 | D:9      | Noticed Maurice
 11881 | D:9      | Killed Maurice
 12081 | D:9      | Lost mutation: Your body sometimes deteriorates upon taking damage. [potion of cure mutation]
 12081 | D:9      | Lost mutation: You occasionally shout uncontrollably at your foes. [potion of cure mutation]
 12081 | D:9      | Lost mutation: You have large cloven feet. [potion of cure mutation]
 12393 | D:9      | Found an ancient bone altar of Kikubaaqudgha.
 12405 | D:9      | Found a shimmering altar of Xom.
 12581 | D:10     | Entered Level 10 of the Dungeon
 12938 | D:10     | Upgraded the game from 0.19-a0-1532-g228a5d9 to 0.19-a0-1553-g64c24c3
 12950 | D:10     | Reached skill level 11 in Spellcasting
 12950 | D:10     | Reached skill level 1 in Poison Magic
 13050 | D:10     | HP: 2/56 [orc warrior/glaive (22)]
 13605 | D:10     | Found a staircase to the Lair.
 13773 | D:10     | Noticed a hill giant
 13788 | D:10     | Killed a hill giant
 13788 | D:10     | Reached XP level 11. HP: 60/60 MP: 10/28
 13940 | D:10     | Noticed an unseen horror
 13945 | D:10     | Killed an unseen horror
 13971 | D:10     | Noticed a centaur warrior
 14217 | D:10     | Noticed a hill giant
 14228 | D:10     | Killed a hill giant
 14232 | D:10     | Noticed a centaur warrior
 14242 | D:10     | Killed a centaur warrior
 14852 | D:10     | Reached skill level 5 in Earth Magic
 15024 | D:10     | Noticed an orc knight
 15043 | D:10     | Killed an orc knight
 15398 | Lair:1   | Entered Level 1 of the Lair of Beasts
 16297 | Lair:1   | Reached ***** piety under Vehumet
 16412 | Lair:1   | Offered knowledge of Bolt of Draining by Vehumet.
 16412 | Lair:1   | Reached skill level 12 in Spellcasting
 16867 | Lair:1   | Found a glowing golden altar of the Shining One.
 17607 | Lair:2   | Reached skill level 5 in Ice Magic
 17616 | Lair:2   | Noticed a five-headed hydra
 17635 | Lair:2   | Killed a five-headed hydra
 17635 | Lair:2   | Reached XP level 12. HP: 59/67 MP: 24/30
 18553 | Lair:2   | Found a hole to the Spider Nest.
 19487 | Lair:3   | Noticed a seven-headed hydra
 19508 | Lair:3   | Killed a seven-headed hydra
 19508 | Lair:3   | Reached skill level 5 in Air Magic
 20419 | Lair:4   | Lost mutation: You are dopey. (Int -2) [potion of mutation]
 20420 | Lair:4   | Gained mutation: You are partially covered in iridescent scales. (AC +2) [potion of mutation]
 20420 | Lair:4   | Gained mutation: You are partially covered in icy blue scales. (AC +2) [potion of mutation]
 20420 | Lair:4   | Gained mutation: Your system is resistant to poisons. (rPois) [potion of mutation]
 20421 | Lair:4   | Gained mutation: Your flesh is heat resistant. (rF+) [potion of mutation]
 20421 | Lair:4   | Gained mutation: You can translocate small distances at will. [potion of mutation]
 20422 | Lair:4   | Lost mutation: Your flesh is very cold resistant. (rC++) [potion of mutation]
 20422 | Lair:4   | Gained mutation: Your body sometimes deteriorates upon taking damage. [potion of mutation]
 20631 | Lair:4   | Found a staircase to the Swamp.
 21328 | Lair:4   | Reached skill level 5 in Unarmed Combat
 22467 | Lair:5   | Found a labyrinth entrance.
 22488 | Lab      | Entered a labyrinth
 23291 | Lab      | Noticed a minotaur
 23304 | Lab      | Killed a minotaur
 23304 | Lab      | Reached skill level 13 in Spellcasting
 23388 | Lab      | Identified the Handbook of the Supportive Snowflakes
 23392 | Lab      | Identified the Volume of Boosts
 23455 | Lair:5   | Learned a level 6 spell: Deflect Missiles
 23534 | Lair:5   | Found a staircase to the Slime Pits.
 24061 | Lair:5   | Slain by a black mamba

Vault maps used:
D:1:      dpeg_arrival_short_road
D:2:      first_bread, guppyfry_early_lair_pool
D:3:      nicolae_overflow_hidden_temple, overflow_temple_1_default
D:6:      lemuel_ice_spiral_2, cheibrodos_ashenzari_chains, serial_shops,
          kennysheep_mini
D:7:      grunt_temple_overflow_open
D:8:      eat_drink_and_be_merry_uskayaw, special_room, grunt_livestock,
          st_stairs_13
D:9:      nemelex_xobeh_ov_fountains_minmay, nicolae_qazlal_general_emergency,
          amethyst_overflow_temple_binary, david_orc_2, uniq_maurice
D:10:     minmay_quarter_circles, lair_0_dummy
Temple:   eino_temple_lava
Lair:1:   statuecave_lemuel, basic_altar, nicolae_quartered_pool_super,
          lemuel_fruit_tree
Lair:2:   spider_nest_entry_rubble, infiniplex_staircase_pool_2,
          grunt_megastairs_2, lemuel_fruit_fields
Lair:4:   minmay_swamp_entry_eels
Lair:5:   regret_index_wax_grids, minmay_slime_entry_jelly_boxes,
          portal_ice_cave_entry_ice_beasts, lab_entry_generic
Lab:      nicolae_lab_dead_adventurers, nicolae_lab_t_cross,
          labyrinth_skeletal_remains, lab_hedge, nicolae_lab_do_over

Skill      XL: |  1  2  3  4  5  6  7  8  9 10 11 12 |
---------------+-------------------------------------+-----
Spellcasting   | 4 5 6 7 9 10 11 12 13 | 13.2
Conjurations   | 2 3 4 5 6 7 |  7.9
Fire Magic     | 4 5 6 7 8 |  8.6
Fighting       | 1 2 3 4 |  4.8
Unarmed Combat | 1 2 3 4 5 |  5.0
Dodging        | 3 4 5 6 7 8 |  8.0
Armour         | 1 2 3 4 |  4.9
Earth Magic    | 1 2 3 4 5 6 |  6.1
Air Magic      | 1 2 3 4 5 |  5.5
Ice Magic      | 2 3 5 |  5.9
Evocations     | 1 2 3 4 |  4.8
Poison Magic   | 1 3 4 |  4.5
Stealth        | |  2.4
Shields        | |  0.1

Action                   |  1- 3 |  4- 6 |  7- 9 | 10-12 || total
-------------------------+-------+-------+-------+-------++-------
Melee: Unarmed           |     4 |    74 |       |     7 ||    85
       Dagger            |       |    19 |    48 |    54 ||   121
       Kick              |       |       |     5 |     2 ||     7
       Punch             |       |       |       |     2 ||     2
       Short sword       |       |       |       |     3 ||     3
 Cast: Flame Tongue      |    47 |    89 |   254 |   538 ||   928
       Throw Flame       |     4 |    21 |    60 |    75 ||   160
       Inner Flame       |       |     5 |     8 |    10 ||    23
       Conjure Flame     |       |     3 |     5 |    13 ||    21
       Sticky Flame      |       |     5 |    29 |    94 ||   128
       Sandblast         |       |       |     7 |       ||     7
       Shock             |       |       |       |    22 ||    22
       Fireball          |       |       |       |     6 ||     6
       Olgreb's Toxic Ra |       |       |       |     2 ||     2
       Bolt of Cold      |       |       |       |     3 ||     3
 Abil: Blink             |       |       |       |     3 ||     3
       Evoke Flight      |       |       |       |     2 ||     2
  Use: Scroll            |     3 |     5 |     8 |    15 ||    31
       Potion            |     1 |     1 |       |     8 ||    10
 Stab: Sleeping          |     1 |     1 |     5 |     4 ||    11
  Eat: Chunk             |     2 |     6 |    21 |    37 ||    66
       Fruit             |       |     7 |       |     1 ||     8
       Royal jelly       |       |       |     1 |       ||     1
       Beef jerky        |       |       |       |     4 ||     4
Armor: Robe              |     4 |    43 |    24 |     4 ||    75
       Leather armour    |       |       |       |    75 ||    75
Dodge: Dodged            |    19 |    76 |    92 |   248 ||   435
Block: Other             |       |    18 |    41 |    74 ||   133
       Reflection        |       |       |     4 |       ||     4
